 Dungeon Sprint DCSS version 0.27.1-33-g824d729ab1 (webtiles) character file.

Game seed: 158173447045912121

5969 Adenis the Ninja (level 10, -5/80 HPs)
             Began as a Vampire Brigand on Dec 4, 2021.
             Was a High Priest of Dithmenos.
             Slain by a demonic crawler (7 damage)
             ... in the Dungeon (Sprint I: "Red Sonja").
             The game lasted 00:09:45 (1506 turns).

Adenis the Ninja (Vampire Brigand)                  Turns: 1506, Time: 00:09:45

Health: -5/80      AC:  4    Str: 10    XL:     10   Next: 55%
Magic:  0/10       EV: 14    Int: 15    God:    Dithmenos [*****.]
Gold:   1168       SH:  0    Dex: 18    Spells: 0/9 levels left

rFire    . . .     SeeInvis +   k - +2 long sword (vamp)
rCold    . . .     Faith    .   (no shield)
rNeg     . . .     Spirit   +   b - +0 robe
rPois    .         Reflect  .   (no helmet)
rElec    .         Harm     .   c - +0 cloak
rCorr    .         Rampage  .   (no gloves)
Will     +....     NoTele   +   o - +0 pair of boots Stlth *******+++
                                l - amulet of guardian spirit
HPRegen  0.43/turn              (no ring)
MPRegen  0.12/turn              (no ring)

@: healing quickly, wreathed by umbra
A: alive, fangs 3, see invisible, vampiric 2
a: Exsanguinate, Renounce Religion, Shadow Step, Shadow Form


You were in the Dungeon.
You worshipped Dithmenos.
Dithmenos was extremely pleased with you.
You visited 1 branch You collected 1696 gold pieces.
You spent 528 gold pieces at shops.

Inventory:

Hand Weapons
 a - a +2 dagger
 k - a +2 vampiric long sword (weapon)
 m - a +1 short sword of venom
Missiles
 d - 8 poisoned darts (quivered)
 e - 7 curare-tipped darts
Armour
 b - a +0 robe (worn)
 c - a +0 cloak (worn)
 o - a +0 pair of boots (worn)
Jewellery
 l - an amulet of guardian spirit (around neck)
Wands
 n - a wand of iceblast (7)
Scrolls
 f - 2 scrolls of identify {unknown}
Potions
 g - a potion of heal wounds
 h - a potion of haste
 i - 3 potions of magic
 j - 2 potions of berserk rage


   Skills:
 - Level 7.7 Fighting
 + Level 11.8 Short Blades
 + Level 5.2 Throwing
 - Level 4.4 Dodging
 O Level 27 Stealth
 - Level 0.1 Invocations


You couldn't memorise any spells.
You knew the following spells:

 Your Spells              Type           Power      Damage    Failure   Level
a - Confusing Touch       Hex            0%         N/A       63%         3
b - Invisibility          Hex            0%         N/A       100%        6

Your spell library contained the following spells:

 Spells                   Type           Power      Damage    Failure   Level
 Passwall                 Tmut/Erth      0%         N/A       38%         2
 Slow                     Hex            0%         N/A       38%         2
 Swiftness                Air            0%         N/A       63%         3
 Vampiric Draining        Necr           0%         2d6       63%         3


Dungeon Overview and Level Annotations

Branches:
Dungeon (1/1)

Altars:
Cheibriados
Dithmenos
Elyvilon
Fedhas
Gozag
Hepliaklqana
Kikubaaqudgha
Makhleb
Nemelex Xobeh
Okawaru
Qazlal
Ru
Sif Muna
Trog
Uskayaw
Vehumet
Wu Jian
Xom
Yredelemnul
Zin
The Shining One
Jiyva
Lugonu

Shops:
D (*:[[[?!([[:(:![=


Innate Abilities, Weirdness & Mutations

Your natural rate of healing is accelerated.
You have razor-sharp teeth.
You have supernaturally acute eyesight. (SInv)
You are afflicted with vampirism and can become a bat while bloodless.


Message History

The demonic crawler is lightly wounded.
The demonic crawler gives a hideous shriek!
The demonic crawler hits you.
The demonic crawler closely misses you. x2
The demonic crawler hits you but does no damage. x3
Aiming: Shadow Step
Press: ? - help, Dir - move target, f - demonic crawler
Aim: a demonic crawler (umbra)
You step into the demonic crawler's shadow.
The demonic crawler misses you.
You riposte.
You hit the demonic crawler but do no damage.
You bite the demonic crawler, but do no damage.
The demonic crawler hits you. The demonic crawler barely misses you.
The demonic crawler barely misses you. The demonic crawler hits you!
The demonic crawler hits you. x2; The demonic crawler closely misses you.
The demonic crawler hits you.
The demonic crawler gives a hideous shriek!
You hit the demonic crawler.
The demonic crawler is lightly wounded.
The demonic crawler hits you! x2; The demonic crawler hits you. x2
The demonic crawler misses you. The demonic crawler closely misses you.
The demonic crawler misses you. The demonic crawler barely misses you.
The demonic crawler misses you. The demonic crawler hits you!
* * * LOW HITPOINT WARNING * * *
The demonic crawler barely misses you.
The demonic crawler hits you but does no damage.
You hit the demonic crawler.
The demonic crawler is lightly wounded.
Your shadow hits the demonic crawler with a long sword.
The demonic crawler closely misses you.
You riposte.
You hit the demonic crawler.
The demonic crawler is lightly wounded.
The demonic crawler hits you!
* * * LOW HITPOINT WARNING * * *
The demonic crawler hits you but does no damage. x2
The demonic crawler hits you.
* * * LOW HITPOINT WARNING * * *
The demonic crawler hits you.
* * * LOW HITPOINT WARNING * * *
The demonic crawler hits you!
You die...

######################
.)'..#.)'..#__#s@'s..#
..#.)'..#..'^.'ss#.).##+#
####'#####'#__####)..'..#
###..#...#.####§§#####..+
__####..##(#§§≈§§#..# +##
_____##'#_.§§§§§§§..#
_.∩...'..._#§≈§§§#..#
_..__##_.#'##§#####'###
_____###'#.#)§§(###.'.#


You could see 4 demonic crawlers.

Vanquished Creatures
  2 centaur warriors (D)
  Sonja (D)
  A deep troll (D)
  An oklob plant (D)
  2 kobold demonologists (D)
  2 unseen horrors (D)
  A hornet (D)
  A slime creature (D)
  2 redbacks (D)
  Sigmund (D)
  A yak (D)
  2 floating eyes (D)
  An ogre (D)
  7 necrophages (D)
  8 jellies (D)
  Ijyb (D)
34 creatures vanquished.

Vanquished Creatures (others)
  3 hornets (D)
3 creatures vanquished.

Grand Total: 37 creatures vanquished

Notes
Turn   | Place    | Note
-------+----------+-------------------------------------------
     0 | D        | Adenis the Vampire Brigand began the quest for the Orb.
     0 | D        | Reached XP level 1. HP: 16/16 MP: 1/1
     2 | D        | Noticed Ijyb
     5 | D        | Killed Ijyb
     6 | D        | Reached skill level 9 in Stealth
     6 | D        | Reached XP level 2. HP: 23/23 MP: 2/2
     8 | D        | Noticed an ogre
    11 | D        | Killed an ogre
    12 | D        | Reached skill level 13 in Stealth
    12 | D        | Gained mutation: You are afflicted with vampirism and can
                  | become a bat while bloodless. [Vampire growth]
    12 | D        | Reached XP level 3. HP: 29/29 MP: 3/3
    12 | D        | Reached XP level 4. HP: 35/35 MP: 4/4
    23 | D        | Noticed Sigmund
    43 | D        | Killed Sigmund
    44 | D        | Reached skill level 16 in Stealth
    44 | D        | Reached XP level 5. HP: 8/42 MP: 5/5
    44 | D        | Reached XP level 6. HP: 9/48 MP: 6/6
   162 | D        | Found an ornate altar of the Wu Jian Council.
   162 | D        | Found a shimmering blue altar of Sif Muna.
   164 | D        | Found a radiant altar of Vehumet.
   169 | D        | Reached skill level 5 in Short Blades
   186 | D        | Found Fepo's General Store.
   186 | D        | Found an ancient bone altar of Kikubaaqudgha.
   186 | D        | Found a hazy altar of Hepliaklqana.
   186 | D        | Found a stormy altar of Qazlal.
   186 | D        | Found a hide-covered altar of Uskayaw.
   186 | D        | Found a blossoming altar of Fedhas.
   186 | D        | Found a bloodstained altar of Trog.
   186 | D        | Found an iron altar of Okawaru.
   186 | D        | Found a basalt altar of Yredelemnul.
   186 | D        | Found a snail-covered altar of Cheibriados.
   186 | D        | Found a sacrificial altar of Ru.
   186 | D        | Found a shadowy altar of Dithmenos.
   186 | D        | Noticed a yak
   187 | D        | Found an opulent altar of Gozag.
   188 | D        | Killed a yak
   189 | D        | Reached skill level 17 in Stealth
   189 | D        | Found a sparkling altar of Nemelex Xobeh.
   195 | D        | Became a worshipper of Dithmenos the Shadowed
   223 | D        | Noticed Sonja
   227 | D        | Killed Sonja
   228 | D        | Reached skill level 5 in Fighting
   228 | D        | Reached skill level 20 in Stealth
   228 | D        | Reached XP level 7. HP: 56/56 MP: 7/7
   228 | D        | Reached XP level 8. HP: 62/62 MP: 8/8
   244 | D        | Noticed a deep troll
   248 | D        | Killed a deep troll
   249 | D        | Reached skill level 22 in Stealth
   258 | D        | Found Ihegusok's Armour Emporium.
   280 | D        | Noticed a centaur warrior
   280 | D        | Noticed a centaur warrior
   284 | D        | Killed a centaur warrior
   284 | D        | Reached * piety under Dithmenos
   285 | D        | Reached skill level 23 in Stealth
   285 | D        | Reached XP level 9. HP: 69/69 MP: 9/9
   287 | D        | Killed a centaur warrior
   288 | D        | Reached skill level 5 in Throwing
   288 | D        | Reached skill level 24 in Stealth
   312 | D        | Noticed an oklob plant
   314 | D        | Killed an oklob plant
   314 | D        | Reached ** piety under Dithmenos
   315 | D        | Reached skill level 10 in Short Blades
   315 | D        | Reached skill level 25 in Stealth
   474 | D        | Noticed an unseen horror
   474 | D        | Noticed an unseen horror
   479 | D        | Killed an unseen horror
   480 | D        | Reached XP level 10. HP: 77/77 MP: 10/10
   481 | D        | Reached *** piety under Dithmenos
   482 | D        | Reached skill level 26 in Stealth
   543 | D        | Found Oniad's Weapon Boutique.
   573 | D        | Found a burning altar of Makhleb.
   573 | D        | Found a viscous altar of Jiyva.
   573 | D        | Found a shimmering altar of Xom.
   573 | D        | Found a corrupted altar of Lugonu.
   778 | D        | Reached **** piety under Dithmenos
  1131 | D        | Reached ***** piety under Dithmenos
  1139 | D        | Reached skill level 27 in Stealth
  1253 | D        | Found Waukhaha's Book Boutique.
  1253 | D        | Found Wuoc's Armour Shoppe.
  1255 | D        | Found Asiol's Armour Boutique.
  1255 | D        | Found Dicsyar's Distillery.
  1256 | D        | Found Gyacwea's Jewellery Emporium.
  1286 | D        | Found Woixir's Book Shop.
  1288 | D        | Found Olunifa's Antique Armour Emporium.
  1288 | D        | Found Fityxzeyg's Magic Scroll Shop.
  1288 | D        | Found Jempoff's Distillery.
  1288 | D        | Found Heell's Weapon Boutique.
  1288 | D        | Found Isuciriz's Armour Emporium.
  1288 | D        | Found Liyzae's Armour Shop.
  1288 | D        | Found Enext's Book Shoppe.
  1292 | D        | Found Byps's Antique Weapon Boutique.
  1301 | D        | Bought a book of Debilitation for 220 gold pieces
  1304 | D        | Bought a book of Burglary for 308 gold pieces
  1324 | D        | Learned a level 3 spell: Confusing Touch
  1331 | D        | Learned a level 6 spell: Invisibility
  1506 | D        | HP: 2/80 [demonic crawler (4)]
  1506 | D        | Slain by a demonic crawler

Illustrated notes

Levels and vault maps discovered:
D:        dungeon_sprint_1 [red_sonja_temple_1, red_sonja_temple_small_1]

Skill      XL: |  1  2  3  4  5  6  7  8  9 10 |
---------------+-------------------------------+-----
Fighting       | 2 3 5 6 7 |  7.7
Throwing       | 2 3 4 5 |  5.2
Stealth        | 9 13 16 20 23 25 27 | 27.0
Short Blades   | 3 4 7 9 10 11 | 11.8
Dodging        | 2 3 4 |  4.4
Invocations    | |  0.1

Action                   |  1- 3 |  4- 6 |  7- 9 | 10-12 || total
-------------------------+-------+-------+-------+-------++-------
Melee: Dagger            |     2 |    21 |       |       ||    23
       Short sword       |       |       |    17 |    94 ||   111
       Bite              |       |       |     2 |    15 ||    17
       Long sword        |       |       |       |     4 ||     4
Invok: Shadow Step       |       |       |       |     2 ||     2
Evoke: Wand              |       |       |       |     1 ||     1
  Use: Potion            |       |       |     2 |       ||     2
       Scroll            |       |       |       |     1 ||     1
 Stab: Sleeping          |     2 |     3 |     6 |    12 ||    23
Armor: Robe              |       |     1 |       |    10 ||    11
Dodge: Dodged            |       |     6 |     8 |    48 ||    62
       Rpst.: Long sword |       |       |       |     3 ||     3
